 Dungeon Crawl Stone Soup version 0.29.1-15-g9cfb28693d (webtiles) character file.

Game seed: 10495352005303959733

97464 Madmarshman the Severer (level 15, 0/138 HPs)
             Began as a Minotaur Berserker on Apr 8, 2023.
             Was the Champion of Trog.
             Slain by an Ice Fiend (42 damage)
             ... in an ice cave on May 6, 2023.
             The game lasted 03:33:16 (30211 turns).

Madmarshman the Severer (Minotaur Berserker)       Turns: 30211, Time: 03:33:16

Health: 0/138      AC: 37    Str: 37    XL:     15   Next: 72%
Magic:  14/14      EV: 10    Int:  3    God:    Trog [******]
Gold:   1488       SH: 18    Dex: 11    Spells: 14/14 levels left

rFire   . . .      SeeInvis .   K - +7 broad axe of Somewhere Else {vorpal, rN++ Will+++ Int-3}
rCold   . . .      Faith    .   R - +0 tower shield
rNeg    + + .      Spirit   .   G - +4 plate armour
rPois   +          Reflect  .   (helmet restricted)
rElec   .          Harm     .   y - +2 cloak of the Marlin {Str+5}
rCorr   .          Rampage  .   o - +2 pair of gloves
Will    ++++.                   c - +2 pair of boots
Stlth   ..........              M - amulet of the acrobat
HPRegen 0.33/turn               n - +4 ring of protection
MPRegen 0.14/turn               e - +6 ring of strength

@: on berserk cooldown, slowed, studying 2 skills, very slow
A: horns 2, retaliatory headbutt, poison resistance, robust 1
a: Renounce Religion, Berserk, Trog's Hand, Brothers in Arms


You were in an ice cave.
You worshipped Trog.
Trog was exalted by your worship.
You visited 4 branches of the dungeon, and saw 23 of its levels.
You also visited: Sewer and Ice Cave.

You collected 3508 gold pieces.
You spent 2020 gold pieces at shops.

Inventory:

Hand Weapons
 h - the +6 trident "Dizux" {flame, +Blink Str+2 Dex+7}
   (Trog gifted it to you on level 4 of the Lair of Beasts)

   It burns those it strikes, dealing additional fire damage.
   Str:       It affects your strength (+2).
   Dex:       It affects your dexterity (+7).
   +Blink:    It lets you blink.
 m - the +11 trident of the Unspeakable One {freeze, rElec rCorr Int+3 Dex+3}
   (You found it on level 5 of the Lair of Beasts)

   It freezes those it strikes, dealing additional cold damage.
   It can also slow down cold-blooded creatures.
   Int:       It affects your intelligence (+3).
   Dex:       It affects your dexterity (+3).
   rElec:     It insulates you from electricity.
   rCorr:     It protects you from acid and corrosion.
 K - the +7 broad axe of Somewhere Else (weapon) {vorpal, rN++ Will+++ Int-3}
   (Trog gifted it to you on level 8 of the Dungeon)

   It inflicts extra damage upon your enemies.
   Int:       It affects your intelligence (-3).
   rN:        It greatly protects you from negative energy.
   Will:      It greatly increases your willpower.
 T - a +5 glaive of protection
Missiles
 f - 2 silver javelins
 i - 12 boomerangs (quivered)
 j - 2 throwing nets
 k - 7 curare-tipped darts
 t - 54 poisoned darts
 H - 2 boomerangs of dispersal
 L - 3 datura-tipped darts
Armour
 c - a +2 pair of boots (worn)
 o - a +2 pair of gloves (worn)
 y - the +2 cloak of the Marlin (worn) {Str+5}
   (You found it in a sewer)

   Str:       It affects your strength (+5).
 G - a +4 plate armour (worn)
 R - a +0 tower shield (worn)
Jewellery
 e - a +6 ring of strength (right hand)
 n - a +4 ring of protection (left hand)
 E - a +4 ring of evasion
 I - a ring of see invisible
 M - an amulet of the acrobat (around neck)
 O - a +6 ring of dexterity
 P - a ring of willpower
 Y - a ring of protection from fire
 Z - an amulet of regeneration
Wands
 F - a wand of quicksilver (7)
 J - a wand of flame (21)
 Q - a wand of charming (15)
 U - a wand of digging (15)
 W - a wand of mindburst (10)
Scrolls
 a - a scroll of summoning
 b - 5 scrolls of identify
 d - 3 scrolls of immolation
 q - 7 scrolls of teleportation
 r - 3 scrolls of magic mapping
 B - a scroll of fear
 D - 2 scrolls of butterflies
 N - a scroll of blinking
 X - a scroll of enchant weapon
Potions
 g - 5 potions of brilliance
 l - 6 potions of lignification
 p - 4 potions of ambrosia
 s - 6 potions of flight
 u - 4 potions of might
 v - 2 potions of resistance
 w - 3 potions of berserk rage
 x - 3 potions of cancellation
 z - a potion of haste
 A - 8 potions of curing
 C - a potion of heal wounds
Miscellaneous
 S - a phial of floods
 V - a phial of floods


   Skills:
 - Level 10.0 Fighting
 - Level 18.0(18.4) Axes
 + Level 7.2(13.6) Polearms
 + Level 17.3 Armour
 - Level 8.8 Dodging
 - Level 15.0 Shields
 + Level 10.1 Evocations


You had 14 spell levels left.
You didn't know any spells.
Your spell library was empty.

Dungeon Overview and Level Annotations

Branches:
Dungeon (15/15)            Temple (0/1) D:5            Lair (5/5) D:11
 Shoals (0/4) Lair:3       Spider (1/4) Lair:3        Slime (0/5) Lair:5
    Orc (2/2) D:11            Elf (0/3) Orc:2        Vaults (0/5) D:14
 Depths (0/4) D:15          Sewer (visited)           IceCv (1/1)

Altars:
Ashenzari
Gozag
Hepliaklqana
Kikubaaqudgha
Makhleb
Ru
Wu Jian
Yredelemnul
Zin
The Shining One
Jiyva
Lugonu

Shops:
D:8 [   D:10 (   D:12 *   Orc:1 ?   Orc:2 (*:[

Portals:
Abyss: Lair:5

Annotations:
Lair:2 exclusion: oklob plant
Lair:4 exclusion: oklob plant


Innate Abilities, Weirdness & Mutations

You have a pair of horns on your head.
You reflexively headbutt those who attack you in melee.
Your system is resistant to poisons. (rPois)
You are robust. (+10% HP)


Message History

The spriggan defender simulacrum hits you but does no damage.
You closely miss the spriggan defender simulacrum.
The spriggan defender simulacrum is almost destroyed.
The spriggan defender simulacrum misses you.
You closely miss the spriggan defender simulacrum.
You headbutt the spriggan defender simulacrum.
The spriggan defender simulacrum vaporises!
Trog accepts your kill.
The Ice Fiend calls on the powers of darkness!
Your body is wracked with pain!
* * * LOW HITPOINT WARNING * * *
The Ice Fiend gestures at you.
The bolt of cold hits the lindwurm simulacrum.
The lindwurm simulacrum completely resists.
The bolt of cold misses you.
You feel a strong urge to attack something.
You are no longer berserk.
You are exhausted.
You feel yourself slow down.
You feel much better.
You feel much better.
The lindwurm simulacrum barely misses you.
You furiously retaliate!
You headbutt the lindwurm simulacrum.
You block the lindwurm simulacrum's attack. x2
Okay, then.
Okay, then.
You're still recovering from your berserk rage.
You slice the lindwurm simulacrum!!
The lindwurm simulacrum vaporises!
Trog accepts your kill.
The Ice Fiend claws you but does no damage.
You block the Ice Fiend's attack.
You slash the Ice Fiend! You headbutt the Ice Fiend!
The Ice Fiend is moderately wounded.
The Ice Fiend claws you but does no damage.
The Ice Fiend misses you.
You slash the Ice Fiend!
The Ice Fiend is moderately wounded.
The Ice Fiend claws you! The Ice Fiend freezes you!!!
You die...

#≈≈≈≈≈≈≈ ≈≈≈≈≈≈≈≈ ≈≈≈≈≈≈
###..##### #
#≈~~##...### .#
~~~#~..##..## ...
~#~~.#####..# ....
####....#..########
....#
#.....#..#...##.@1##.Z.#
#...#########...##Z..#
#.[.# ########## #####


You could see an Ice Fiend and an anaconda simulacrum.

Vanquished Creatures
  An orc warlord (Orc:2)
  A bunyip (shapeshifter) (Lair:5)
  An ettin (Orc:2)
  Harold (D:9)
  10 hydras
  2 boulder beetles
  2 vault guards (D:14)
  A catoblepas (Lair:4)
  5 centaur warriors
  A caustic shrike simulacrum (IceCv)
  2 two-headed ogres
  9 death yaks
  An orc high priest (Orc:2)
  3 thrashing horrors (Lair:5)
  Sonja (Lair:5)
  2 large abominations (Lair:5)
  A skeletal warrior (D:8)
  An obsidian statue (IceCv)
  A bog body (IceCv)
  9 spriggan simulacra (IceCv)
  5 orc knights (Orc:2)
  3 deep elf pyromancers
  An ugly thing (Lair:5)
  3 orc sorcerers (Orc:2)
  5 manticores
  7 centaur zombies (D:10)
  15 elephants
  5 cyclopes
  4 black mambas
  A torpor snail (Lair:2)
  4 smoke demons (Lair:5)
  3 unseen horror zombies (D:10)
  An unseen horror (shapeshifter) (Lair:5)
  6 cane toads
  A gargoyle (D:11)
  A rime drake (Lair:5)
  7 ice devils (IceCv)
  5 komodo dragons
  A freezing wraith (IceCv)
  4 anaconda simulacra (IceCv)
  4 kobold demonologists
  3 polar bears
  3 ancient zymes (Lair:5)
  6 trolls
  2 meliai (Lair:3)
  14 slime creatures
  26 blink frogs
  3 dream sheep (Lair:4)
  A meliai zombie (D:10)
  A shapeshifter (Lair:5)
  3 shadows
  2 dire elephant simulacra (IceCv)
  4 wyverns
  5 wraiths
  9 small abominations (Lair:5)
  9 humans (D:14)
  39 yaks
  A basilisk (shapeshifter) (D:14)
  7 basilisks
  A steam dragon (D:7)
  9 vampire mosquitoes
  5 wargs
  2 harpy simulacra (IceCv)
  8 minotaur simulacra (IceCv)
  14 water moccasins
  An acid dragon (D:14)
  An ettin simulacrum (IceCv)
  4 ice beasts
  An alligator simulacrum (IceCv)
  28 orc warriors
  A sky beast (D:7)
  5 black bears
  15 ogres
  10 centaurs
  2 phantoms (D:6)
  9 kobold brigands
  3 gnoll sergeants
  5 scorpions
  12 bullfrogs
  7 deep troll simulacra (IceCv)
  The ghost of EarthwalkerPL the Trooper, a weakling MiFi (D:3)
  14 killer bees
  3 lindwurm simulacra (IceCv)
  9 howler monkeys
  4 electric eels
  6 hounds
  2 quasits (D:3)
  4 jellies
  28 orc priests
  4 gnoll boudas
  2 iguanas (D:5)
  28 orc wizards
  19 gnolls
  13 adders
  2 white imps
  3 ufetubi
  2 worms
  2 dart slugs (D:3)
  57 orcs
  22 ball pythons
  6 bats
  16 endoplasms
  20 giant cockroaches
  4 goblins
  10 hobgoblins
  12 jackals
  24 quokkas
  7 frilled lizards
  32 kobolds
  8 rats
  A butterfly (Lair:4)
787 creatures vanquished.

Vanquished Creatures (collateral kills)
  A komodo dragon (Lair:4)
  2 dream sheep (Lair:4)
  2 butterflies (Lair:4)
5 creatures vanquished.

Vanquished Creatures (others)
  A human (D:14)
  An orc wizard (Orc:2)
  26 fungi
  51 plants
79 creatures vanquished.

Grand Total: 871 creatures vanquished

Notes
Turn   | Place    | Note
-------+----------+-------------------------------------------
     0 | D:1      | Madmarshman the Minotaur Berserker began the quest for the
                  | Orb.
     0 | D:1      | Reached XP level 1. HP: 19/19 MP: 0/0
   192 | D:1      | Reached XP level 2. HP: 27/27 MP: 1/1
   214 | D:1      | Reached skill level 4 in Axes
   550 | D:1      | Found a faded altar of an unknown god.
   583 | D:1      | Reached ** piety under Trog
   671 | D:1      | Reached XP level 3. HP: 27/33 MP: 2/2
  1985 | D:3      | Found a transporter.
  1990 | D:3      | Found a transporter.
  1999 | D:3      | Noticed an ogre
  2000 | D:3      | Noticed a black bear
  2001 | D:3      | Found a glowing golden altar of the Shining One.
  2098 | D:3      | Found a transporter.
  2098 | D:3      | Noticed EarthwalkerPL's ghost (weakling MiFi)
  2163 | D:3      | Found a transporter.
  2226 | D:3      | Reached XP level 4. HP: 40/40 MP: 3/3
  2312 | D:3      | Found an ornate altar of the Wu Jian Council.
  2450 | D:3      | Found a burning altar of Makhleb.
  2454 | D:3      | Found a glowing silver altar of Zin.
  2454 | D:3      | Noticed an angel
  2458 | D:3      | Reached *** piety under Trog
  2459 | D:3      | Reached skill level 5 in Axes
  2462 | D:3      | Noticed a blizzard demon
  2895 | D:4      | Reached XP level 5. HP: 33/47 MP: 4/4
  3048 | D:4      | Found a glowing drain.
  3067 | Sewer    | Entered a sewer
  3507 | Sewer    | Reached **** piety under Trog
  3642 | Sewer    | Reached skill level 6 in Axes
  3642 | Sewer    | Reached XP level 6. HP: 52/55 MP: 5/5
  3646 | Sewer    | Reached skill level 5 in Fighting
  3656 | Sewer    | Identified the +2 cloak of the Marlin {Str+5}
  3855 | D:4      | Found a hazy altar of Hepliaklqana.
  4258 | D:4      | Reached ***** piety under Trog
  4310 | D:4      | Reached XP level 7. HP: 61/61 MP: 6/6
  4454 | D:5      | Entered Level 5 of the Dungeon
  4465 | D:5      | Reached skill level 7 in Axes
  4799 | D:5      | Found a staircase to the Ecumenical Temple.
  4807 | D:5      | Reached skill level 5 in Armour
  4919 | D:5      | Reached skill level 8 in Axes
  4919 | D:5      | Reached skill level 5 in Dodging
  4919 | D:5      | Reached XP level 8. HP: 25/70 MP: 7/7
  6488 | D:6      | Reached skill level 9 in Axes
  6528 | D:7      | Reached XP level 9. HP: 12/79 MP: 8/8
  7215 | D:6      | Reached skill level 10 in Axes
  7556 | D:6      | Reached skill level 11 in Axes
  7558 | D:6      | Noticed a two-headed ogre
  7562 | D:6      | Killed a two-headed ogre
  7575 | D:6      | Reached XP level 10. HP: 90/90 MP: 9/9
  8200 | D:6      | Reached skill level 12 in Axes
  8346 | D:6      | Found a sacrificial altar of Ru.
  9443 | D:3      | Killed EarthwalkerPL's ghost
 10105 | D:8      | Reached ****** piety under Trog
 10109 | D:8      | Identified the +7 broad axe of Somewhere Else {vorpal, rN++
                  | Will+++ Int-3} (Trog gifted it to you on level 8 of the
                  | Dungeon)
 10109 | D:8      | Received a gift from Trog
 10421 | D:8      | Found Inoq's Armour Boutique.
 10499 | D:8      | Reached skill level 13 in Axes
 10829 | D:8      | Noticed a skeletal warrior
 10832 | D:8      | Noticed a centaur warrior
 10837 | D:8      | Killed a skeletal warrior
 10838 | D:8      | Reached XP level 11. HP: 99/99 MP: 10/10
 10839 | D:8      | Killed a centaur warrior
 10840 | D:8      | Reached skill level 10 in Fighting
 11372 | D:9      | Noticed Harold
 11386 | D:9      | Reached skill level 1 in Shields
 11386 | D:9      | Killed Harold
 11387 | D:9      | Reached skill level 1 in Evocations
 11884 | D:9      | Found an ancient bone altar of Kikubaaqudgha.
 12059 | D:10     | Entered Level 10 of the Dungeon
 12065 | D:10     | Reached skill level 14 in Axes
 12065 | D:10     | Reached skill level 10 in Armour
 12384 | D:10     | Found Natawkap's Weapon Shop.
 12721 | D:10     | Reached skill level 5 in Shields
 12792 | D:10     | Found a basalt altar of Yredelemnul.
 12812 | D:10     | Received a gift from Trog
 12971 | D:10     | Found a broken altar of Ashenzari.
 12971 | D:10     | Found an opulent altar of Gozag.
 13326 | D:11     | Reached XP level 12. HP: 95/106 MP: 11/11
 13481 | D:11     | Found a staircase to the Orcish Mines.
 13633 | D:11     | Reached skill level 15 in Axes
 14454 | D:11     | Noticed a two-headed ogre
 14459 | D:11     | Killed a two-headed ogre
 14608 | D:11     | Found a staircase to the Lair.
 15028 | Lair:1   | Entered Level 1 of the Lair of Beasts
 15028 | Lair:1   | Noticed a death yak
 15028 | Lair:1   | Noticed a death yak
 15028 | Lair:1   | Noticed a death yak
 15036 | Lair:1   | Killed a death yak
 15038 | Lair:1   | Killed a death yak
 15041 | Lair:1   | Killed a death yak
 16332 | Lair:2   | Reached skill level 16 in Axes
 17194 | Lair:2   | Noticed a five-headed hydra
 17207 | Lair:2   | Killed an eight-headed hydra
 17266 | Lair:2   | Noticed a five-headed hydra
 17280 | Lair:2   | Killed a seven-headed hydra
 17333 | Lair:2   | Reached skill level 5 in Evocations
 17363 | Lair:2   | Found the +1 robe of Vines {NoPotionHeal Regen++++}
 17634 | Lair:2   | Reached XP level 13. HP: 113/113 MP: 12/12
 17869 | Lair:2   | Reached skill level 10 in Shields
 18907 | Lair:3   | Found a hole to the Spider Nest.
 19512 | Lair:3   | Found a staircase to the Shoals.
 20409 | Spider:1 | Entered Level 1 of the Spider Nest
 20478 | Lair:4   | Reached skill level 17 in Axes
 20573 | Lair:4   | Found an ancient bone altar of Kikubaaqudgha.
 20754 | Lair:4   | Identified the +6 trident "Dizux" {flame, +Blink Str+2
                  | Dex+7} (Trog gifted it to you on level 4 of the Lair of
                  | Beasts)
 20754 | Lair:4   | Received a gift from Trog
 21452 | Lair:5   | Entered Level 5 of the Lair of Beasts
 21597 | Lair:5   | Found a staircase to the Slime Pits.
 21597 | Lair:5   | Found a viscous altar of Jiyva.
 21644 | Lair:5   | Noticed Sonja
 21645 | Lair:5   | Reached XP level 14. HP: 121/121 MP: 13/13
 21665 | Lair:5   | Reached skill level 18 in Axes
 21666 | Lair:5   | Killed Sonja
 21890 | Lair:5   | Identified the +11 trident of the Unspeakable One {freeze,
                  | rElec rCorr Int+3 Dex+3}
 22189 | Lair:5   | Received a gift from Trog
 22680 | Lair:5   | Found a corrupted altar of Lugonu.
 22680 | Lair:5   | Found a one-way gate to the infinite horrors of the Abyss.
 22685 | Lair:5   | Identified the +0 ring mail of Kaskoexuu {Str+2}
 23468 | Orc:1    | Entered Level 1 of the Orcish Mines
 23594 | Orc:1    | Found Zosuask's Magic Scroll Boutique.
 23603 | Orc:1    | Bought a scroll of identify for 32 gold pieces
 23603 | Orc:1    | Bought a scroll of magic mapping for 120 gold pieces
 23603 | Orc:1    | Bought a scroll of identify for 32 gold pieces
 23603 | Orc:1    | Bought a scroll of enchant armour for 120 gold pieces
 23821 | Orc:2    | Entered Level 2 of the Orcish Mines
 23942 | Orc:2    | Noticed an orc warlord
 23956 | Orc:2    | Received a gift from Trog
 23957 | Orc:2    | Killed an orc warlord
 24227 | Orc:2    | Found Weir's General Store.
 24273 | Orc:2    | Gained mutation: You are frail. (-10% HP) [a neqoxec]
 24275 | Orc:2    | Reached skill level 15 in Shields
 24559 | Orc:2    | Bought a scroll of acquirement for 676 gold pieces
 24559 | Orc:2    | Acquired 1107 gold pieces
 24570 | Orc:2    | Found Kapluq's Antique Weapon Emporium.
 24626 | Orc:2    | Found a staircase to the Elven Halls.
 24683 | Orc:2    | Found Weechiabb's Book Emporium.
 24689 | Orc:2    | Bought a manual of Armour for 1040 gold pieces
 24947 | Orc:2    | Found Zozodago's Antique Armour Emporium.
 25196 | D:12     | Reached skill level 1 in Polearms
 25820 | D:12     | Reached XP level 15. HP: 113/113 MP: 14/14
 26266 | D:12     | Found Bezitofy's Demolitions Depot.
 26425 | D:13     | Reached skill level 15 in Armour
 26958 | D:13     | Lost mutation: You are frail. (-10% HP) [potion of
                  | mutation]
 26958 | D:13     | Gained mutation: You are partially covered in iridescent
                  | scales. (AC +2) [potion of mutation]
 26958 | D:13     | Gained mutation: You are weak. (Str -2) [potion of
                  | mutation]
 26959 | D:13     | Lost mutation: You are weak. (Str -2) [potion of mutation]
 26959 | D:13     | Lost mutation: You are partially covered in iridescent
                  | scales. (AC +2) [potion of mutation]
 26959 | D:13     | Gained mutation: Your system is resistant to poisons.
                  | (rPois) [potion of mutation]
 26959 | D:13     | Gained mutation: You are robust. (+10% HP) [potion of
                  | mutation]
 27693 | D:14     | Found an ornate altar of the Wu Jian Council.
 27766 | D:14     | Received a gift from Trog
 27854 | D:14     | Reached skill level 5 in Polearms
 27885 | D:14     | Found a gate to the Vaults.
 28163 | D:15     | Entered Level 15 of the Dungeon
 28199 | D:15     | Found a frozen archway.
 28208 | IceCv    | Entered an ice cave
 29729 | IceCv    | Reached skill level 10 in Evocations
 30175 | IceCv    | Noticed an Ice Fiend
 30204 | IceCv    | HP: 10/207 [??? (5)]
 30211 | IceCv    | Slain by an Ice Fiend

Illustrated notes

Levels and vault maps discovered:
D:1:      lemuel_arrival_cross, layout_basic,
          shapermc_ecumenical_altar_notcrosses, roderic_cross_of_infinity
D:2:      layout_loops_ring
D:3:      layout_basic, grunt_temple_overflow_order_and_chaos_2,
          gammafunk_temple_overflow_arena, mainiacjoe_overflow_alcove_2,
          gammafunk_ghost_stat_death, minmay_quantized
D:4:      layout_gridville, mainiacjoe_overflow_six_doors_small,
          portal_sewer_entry_f
D:5:      kennysheep_six_static_rooms, layout_cave_pools,
          minmay_temple_entry_gardened_gates, serial_park, serial_park_tiny_1,
          serial_park_square1 [serial_park_minivault_5x5_4]
D:6:      lemuel_castle_with_subvaults [lemuel_castle_interior_carwin_1],
          layout_loops_cross, nicolae_ru_sacrificial_ziggurat,
          dk_rats_in_the_wall
D:7:      layout_loops_ring
D:8:      layout_basic, serial_shops, nicolae_shop_statue_plus, corner_web_ring,
          minmay_manual_monolith
D:9:      layout_irregular_city, kennysheep_mini, nicolae_two_hexagons,
          minmay_misc_feat_secret_circle, kennysheep_generic_room_6, uniq_harold
D:10:     layout_cave_pools, nicolae_yredelemnul_corpse_copse,
          nicolae_overflow_two_pavilions, serial_shops,
          nicolae_shop_hallway_stairs
D:11:     layout_layer_cave, david_lair_generic, minmay_orc_entry_temple_small,
          st_stairs_6
D:12:     layout_gridville, nicolae_blasting_shop
D:13:     layout_small_grid
D:14:     layout_big_octagon, ximxim_vaults_locker_room,
          dreamdust_princess_corridor, nicolae_wu_jian_wuxing_cycle
D:15:     hangedman_depths_entry_civil_slaughter, layout_irregular_city,
          minmay_misc_feat_five, portal_ice_cave_entry_pillars_2
Lair:1:   layout_cave_pods
Lair:2:   layout_cave_pods, serial_bayou_pond_a, minmay_holes,
          hellmonk_guarded_unrand_vines, grunt_megastairs_3,
          serial_bayou_shore_a, infiniplex_staircase_pool
Lair:3:   layout_regular_city, elwin_shoals_entry_rocks, dummy_spider_entry
Lair:4:   layout_gridlike, lemuel_centaur_altar, lemuel_fruit_fields
Lair:5:   hellmonk_lair_end_abyssal_woods, layout_loops_ring,
          minmay_slime_entry_pillars, disabler_island, uniq_sonja
Spider:1: layout_cave_pods, hellmonk_test_site, uniq_roxanne
Orc:1:    layout_caves, serial_shops, nicolae_lakefront_shop
Orc:2:    grunt_orc_cross, layout_diamond_mine, mines1_david
IceCv:    ice_cave_caverns_03

Skill      XL: |  1  2  3  4  5  6  7  8  9 10 11 12 13 14 15 |
---------------+----------------------------------------------+-----
Axes           | 4 5 6 8 9 11 13 14 16 17 18 | 18.0
Fighting       | 4 5 6 7 8 9 10 | 10.0
Armour         | 3 4 5 6 8 9 10 11 12 14 17 | 17.3
Dodging        | 3 4 5 6 7 8 |  8.8
Shields        | 6 9 12 15 | 15.0
Evocations     | 3 5 6 8 10 | 10.1
Polearms       | 1 7 |  7.2

Action                   |  1- 3 |  4- 6 |  7- 9 | 10-12 | 13-15 || total
-------------------------+-------+-------+-------+-------+-------++-------
Melee: Hand axe          |    56 |       |       |       |       ||    56
       Headbutt          |     9 |    20 |    38 |   104 |   195 ||   366
       War axe           |    38 |   195 |   203 |   145 |       ||   581
       Punch             |       |       |     1 |       |       ||     1
       Broad axe         |       |       |       |   335 |   689 ||  1024
       Trident           |       |       |       |       |   112 ||   112
       Mace              |       |       |       |       |     8 ||     8
Throw: Stone             |       |       |       |    12 |    14 ||    26
       Boomerang         |       |       |       |    13 |    40 ||    53
       Dart              |       |       |       |     5 |     2 ||     7
       Javelin           |       |       |       |       |     4 ||     4
Invok: Berserk           |       |       |     4 |     2 |     6 ||    12
       Trog's Hand       |       |       |     2 |     1 |     4 ||     7
       Brothers in Arms  |       |       |       |       |     1 ||     1
Evoke: Wand              |       |       |       |     1 |     8 ||     9
  Use: Scroll            |       |     3 |     9 |    10 |    14 ||    36
       Potion            |       |       |       |       |     9 ||     9
Armor: Ring mail         |    21 |       |       |       |       ||    21
       Animal skin       |     1 |       |       |       |       ||     1
       Plate armour      |    18 |   145 |   133 |   316 |   523 ||  1135
       Scale mail        |     2 |       |       |       |       ||     2
Dodge: Dodged            |    36 |    75 |    92 |   190 |   286 ||   679
Block: Buckler           |       |       |    23 |    26 |       ||    49
       Tower shield      |       |       |       |   203 |   811 ||  1014
